MLB
COLORADO ROCKIES @ CINCINNATI REDS
07/25/2020
 
TOP OF THE 1ST
Colorado Rockies batting - Pitching for Cincinnati Reds : RHP Dylan Cease
Pitching: RHP Dylan Cease
Batting: RHB Christian Lopes 0-0: Ball
1-0: Called Strike
1-1: Ball
2-1: Fly out, F8 (Flyball, 8RD, EV 103.1 MPH)
Batting: SHB Victor Reyes 0-0: Ball
1-0: Called Strike
1-1: Ball
2-1: Fly out, F4 (Flyball, 34D, EV 85.6 MPH)
Batting: LHB Josh VanMeter 0-0: Ball
1-0: Fly out, F8 (Flyball, 8LXD, EV 93.8 MPH)
Top of the 1st over - 0 runs, 0 hits, 0 errors, 0 left on base; Colorado 0 - Cincinnati 0
BOTTOM OF THE 1ST
Cincinnati Reds batting - Pitching for Colorado Rockies : RHP Aaron Sanchez
Pitching: RHP Aaron Sanchez
Batting: RHB Trea Turner 0-0: Ball
1-0: Called Strike
1-1: Fly out, F7 (Line Drive, 7, EV 86.3 MPH)
Batting: RHB Tomas Nido 0-0: Ball
1-0: Ground out U3 (Groundball, 3, EV 108.8 MPH)
Batting: RHB Gio Urshela 0-0: SINGLE (Groundball, 56D, EV 102.5 MPH)
Batting: LHB Joey Gallo 0-0: Ball
1-0: Ball
2-0: Foul Ball, location: 2F
2-1: Ball
3-1: Base on Balls
Gio Urshela to second
Batting: LHB Gregory Polanco 0-0: Ball
1-0: Foul Ball, location: 2F
1-1: Ball
2-1: Fly out, F9 (Line Drive, 9D, EV 98.1 MPH)
Bottom of the 1st over - 0 runs, 1 hit, 0 errors, 2 left on base; Colorado 0 - Cincinnati 0
TOP OF THE 2ND
Colorado Rockies batting - Pitching for Cincinnati Reds : RHP Dylan Cease
Batting: SHB Abraham Almonte 0-0: Ball
1-0: SINGLE (Flyball, 34D, EV 96.9 MPH)
Batting: RHB Michael Brosseau 0-0: Called Strike
0-1: Fly out, F5 (Popup, 5SF, EV 79.4 MPH)
Batting: RHB Orlando Arcia 0-0: Ball
1-0: Swinging Strike
1-1: Ball
2-1: Foul Ball, location: 2F
2-2: Strikes out swinging
Batting: LHB CJ Alexander 0-0: Called Strike
0-1: Foul Ball, location: 2F
0-2: Ball
1-2: Foul Ball, location: 2F
1-2: Foul Ball, location: 2F
1-2: Strikes out looking
Top of the 2nd over - 0 runs, 1 hit, 0 errors, 1 left on base; Colorado 0 - Cincinnati 0
BOTTOM OF THE 2ND
Cincinnati Reds batting - Pitching for Colorado Rockies : RHP Aaron Sanchez
Batting: SHB Adalberto Mondesi 0-0: Ground out 6-3 (Groundball, 6D, EV 85.6 MPH)
Batting: LHB Robinson Cano 0-0: Ball
1-0: Ground out U3 (Groundball, 34, EV 105.6 MPH)
Batting: RHB Kevin Newman 0-0: Called Strike
0-1: Ground out 6-3 (Groundball, 6M, EV 80.6 MPH)
Bottom of the 2nd over - 0 runs, 0 hits, 0 errors, 0 left on base; Colorado 0 - Cincinnati 0
TOP OF THE 3RD
Colorado Rockies batting - Pitching for Cincinnati Reds : RHP Dylan Cease
Batting: RHB Andrew Knizner 0-0: Foul Ball, location: 2F
0-1: Ball
1-1: Foul Ball, location: 2F
1-2: Ball
2-2: Foul Ball, location: 2F
2-2: Ball
3-2: Strikes out swinging
Batting: RHB Aaron Sanchez 0-0: Called Strike
0-1: Called Strike
0-2: Ball
1-2: Foul Ball, location: 2F
1-2: Foul Ball, location: 2F
1-2: Ball
2-2: Foul Ball, location: 2F
2-2: Ball
3-2: SINGLE (Groundball, 5D, EV 105.6 MPH)
Pitching: RHP Felix Hernandez
Batting: RHB Christian Lopes 0-0: Ball
1-0: Ball
2-0: Foul Ball, location: 2F
2-1: Grounds into double play, 4-6-3 (Groundball, 4, EV 83.8 MPH)
Top of the 3rd over - 0 runs, 1 hit, 0 errors, 0 left on base; Colorado 0 - Cincinnati 0
BOTTOM OF THE 3RD
Cincinnati Reds batting - Pitching for Colorado Rockies : RHP Aaron Sanchez
Batting: RHB Felix Hernandez 0-0: Foul Ball, location: 2F
0-1: Called Strike
0-2: Ball
1-2: Strikes out looking
Batting: RHB Trea Turner 0-0: Foul Ball, location: 2F
0-1: Swinging Strike
0-2: Ball
1-2: Ball
2-2: Strikes out swinging
Batting: RHB Tomas Nido 0-0: Foul Ball, location: 2F
0-1: Foul Ball, location: 2F
0-2: Strikes out looking
Bottom of the 3rd over - 0 runs, 0 hits, 0 errors, 0 left on base; Colorado 0 - Cincinnati 0
TOP OF THE 4TH
Colorado Rockies batting - Pitching for Cincinnati Reds : RHP Felix Hernandez
Batting: SHB Victor Reyes 0-0: Ball
1-0: Called Strike
1-1: Foul Ball, location: 2F
1-2: Strikes out swinging
Batting: LHB Josh VanMeter 0-0: Called Strike
0-1: Ball
1-1: SINGLE (Groundball, 34D, EV 95.0 MPH)
Batting: SHB Abraham Almonte 0-0: Ball
1-0: Ball
2-0: Called Strike
2-1: Ball
3-1: Base on Balls
Josh VanMeter to second
Batting: RHB Michael Brosseau 0-0: Ball
1-0: Ball
2-0: Fly out, F8 (Flyball, 8LM, EV 87.5 MPH)
Batting: RHB Orlando Arcia 0-0: Called Strike
0-1: Ball
1-1: Foul Ball, location: 2F
1-2: Ball
2-2: Strikes out swinging
Top of the 4th over - 0 runs, 1 hit, 0 errors, 2 left on base; Colorado 0 - Cincinnati 0
BOTTOM OF THE 4TH
Cincinnati Reds batting - Pitching for Colorado Rockies : RHP Aaron Sanchez
Batting: RHB Gio Urshela 0-0: Ball
1-0: Ball
2-0: Called Strike
2-1: Ground out 6-3 (Groundball, 6S, EV 78.1 MPH)
Batting: LHB Joey Gallo 0-0: Ball
1-0: Foul Ball, location: 2F
1-1: Foul Ball, location: 2F
1-2: Ball
2-2: Ball
3-2: Fly out, F8 (Flyball, 8RM, EV 93.8 MPH)
Batting: LHB Gregory Polanco 0-0: SINGLE (Groundball, 4MD, EV 108.8 MPH)
Batting: SHB Adalberto Mondesi 0-0: Ball
1-0: Ball
2-0: Ball
3-0: Base on Balls
Gregory Polanco to second
Batting: LHB Robinson Cano 0-0: Fly out, F9 (Flyball, 9, EV 90.6 MPH)
Bottom of the 4th over - 0 runs, 1 hit, 0 errors, 2 left on base; Colorado 0 - Cincinnati 0
TOP OF THE 5TH
Colorado Rockies batting - Pitching for Cincinnati Reds : RHP Felix Hernandez
Batting: LHB CJ Alexander 0-0: Ball
1-0: Ball
2-0: Ground out 6-3 (Groundball, 4M, EV 81.9 MPH)
Batting: RHB Andrew Knizner 0-0: Ball
1-0: Called Strike
1-1: Ball
2-1: Ball
3-1: Called Strike
3-2: Strikes out swinging
Batting: RHB Aaron Sanchez 0-0: Foul Ball, location: 2F
0-1: Ground out 1-3 (Groundball, P, EV 63.8 MPH)
Top of the 5th over - 0 runs, 0 hits, 0 errors, 0 left on base; Colorado 0 - Cincinnati 0
BOTTOM OF THE 5TH
Cincinnati Reds batting - Pitching for Colorado Rockies : RHP Aaron Sanchez
Batting: RHB Kevin Newman 0-0: Called Strike
0-1: Swinging Strike
0-2: Ball
1-2: Strikes out swinging
Batting: RHB Felix Hernandez 0-0: Ball
1-0: SINGLE (Line Drive, 56D, EV 95.0 MPH)
Batting: RHB Trea Turner 0-0: Called Strike
0-1: Swinging Strike
0-2: Ball
1-2: Ball
2-2: Foul Ball, location: 2F
2-2: Ball
3-2: Grounds into double play, 5-4-3 (Groundball, 56, EV 106.9 MPH)
Bottom of the 5th over - 0 runs, 1 hit, 0 errors, 0 left on base; Colorado 0 - Cincinnati 0
TOP OF THE 6TH
Colorado Rockies batting - Pitching for Cincinnati Reds : RHP Felix Hernandez
Batting: RHB Christian Lopes 0-0: Ball
1-0: Foul Ball, location: 2F
1-1: Ball
2-1: Ball
3-1: Ground out 6-3 (Groundball, 6, EV 83.1 MPH)
Batting: SHB Victor Reyes 0-0: Ball
1-0: Called Strike
1-1: Ball
2-1: Swinging Strike
2-2: Foul Ball, location: 2F
2-2: Ground out U3 (Groundball, 34, EV 82.5 MPH)
Batting: LHB Josh VanMeter 0-0: Ball
1-0: Ball
2-0: Fly out, F8 (Line Drive, 8LD, EV 86.3 MPH)
Top of the 6th over - 0 runs, 0 hits, 0 errors, 0 left on base; Colorado 0 - Cincinnati 0
BOTTOM OF THE 6TH
Cincinnati Reds batting - Pitching for Colorado Rockies : RHP Aaron Sanchez
Batting: RHB Tomas Nido 0-0: Foul Ball, location: 2F
0-1: Foul Ball, location: 2F
0-2: Strikes out swinging
Batting: RHB Gio Urshela 0-0: Ball
1-0: SINGLE (Line Drive, 4D, EV 98.1 MPH)
Batting: LHB Joey Gallo 0-0: Ball
1-0: Ball
2-0: Ball
3-0: Called Strike
3-1: Base on Balls
Gio Urshela to second
Batting: LHB Gregory Polanco 0-0: Called Strike
0-1: Ball
1-1: Foul Ball, location: 2F
1-2: Fly out, F9 (Flyball, 9D, EV 101.3 MPH)
Runner from 2nd tags up, SAFE at 3rd with throw by RF
Batting: SHB Adalberto Mondesi 0-0: Ball
1-0: 3-RUN HOME RUN (Flyball, 9LD, EV 103.8 MPH), Distance : 348 ft
Batting: LHB Robinson Cano 0-0: Ball
1-0: Ball
2-0: Called Strike
2-1: Ball
3-1: Foul Ball, location: 2F
3-2: Base on Balls
Batting: RHB Kevin Newman 0-0: Fly out, F7 (Line Drive, 7, EV 91.9 MPH)
Bottom of the 6th over - 3 runs, 2 hits, 0 errors, 1 left on base; Colorado 0 - Cincinnati 3
TOP OF THE 7TH
Colorado Rockies batting - Pitching for Cincinnati Reds : RHP Felix Hernandez
Pitching: LHP Patrick Dayton
Batting: SHB Abraham Almonte 0-0: Called Strike
0-1: Fly out, F7 (Line Drive, 7, EV 95.0 MPH)
Batting: RHB Michael Brosseau 0-0: Ball
1-0: Called Strike
1-1: Swinging Strike
1-2: Ball
2-2: Strikes out swinging
Batting: RHB Orlando Arcia 0-0: Ground out 6-3 (Groundball, 6, EV 110.0 MPH)
Top of the 7th over - 0 runs, 0 hits, 0 errors, 0 left on base; Colorado 0 - Cincinnati 3
BOTTOM OF THE 7TH
Cincinnati Reds batting - Pitching for Colorado Rockies : RHP Aaron Sanchez
Pinch Hitting: RHB Chad Pinder 0-0: Ball
1-0: Called Strike
1-1: Foul Ball, location: 2F
1-2: Foul Ball, location: 2F
1-2: Ball
2-2: DOUBLE (Flyball, 8RXD, EV 96.9 MPH)
Batting: RHB Trea Turner 0-0: Intentional Walk
Pitching: RHP Edinson Volquez
Batting: RHB Tomas Nido 0-0: Called Strike
0-1: Swinging Strike
0-2: Fly out, F8 (Flyball, 8LD, EV 98.1 MPH)
Batting: RHB Gio Urshela 0-0: Ball
1-0: Grounds into double play, 6-4-3 (Groundball, 6, EV 86.9 MPH)
Bottom of the 7th over - 0 runs, 1 hit, 0 errors, 1 left on base; Colorado 0 - Cincinnati 3
TOP OF THE 8TH
Colorado Rockies batting - Pitching for Cincinnati Reds : LHP Patrick Dayton
Pitching: RHP Raisel Iglesias
Batting: LHB CJ Alexander 0-0: Ball
1-0: Ball
2-0: Ground out 4-3 (Groundball, 34, EV 79.4 MPH)
Batting: RHB Andrew Knizner 0-0: Swinging Strike
0-1: Ball
1-1: Foul Ball, location: 2F
1-2: Ball
2-2: Ball
3-2: Base on Balls
Pinch Hitting: RHB Miguel Cabrera 0-0: Ball
1-0: Called Strike
1-1: Ball
2-1: Ball
3-1: Foul Ball, location: 2F
3-2: Strikes out swinging
Batting: RHB Christian Lopes 0-0: Foul Ball, location: 2F
0-1: Swinging Strike
0-2: Strikes out swinging
Top of the 8th over - 0 runs, 0 hits, 0 errors, 1 left on base; Colorado 0 - Cincinnati 3
BOTTOM OF THE 8TH
Cincinnati Reds batting - Pitching for Colorado Rockies : RHP Edinson Volquez
Pitching: RHP Franklin Perez
Batting: LHB Joey Gallo 0-0: Ball
1-0: Ball
2-0: Ball
3-0: Called Strike
3-1: Foul Ball, location: 2F
3-2: Ground out 4-3 (Groundball, 4M, EV 83.1 MPH)
Batting: LHB Gregory Polanco 0-0: Ball
1-0: Fly out, F6 (Popup, P, EV 82.5 MPH)
Batting: SHB Adalberto Mondesi 0-0: Called Strike
0-1: Ball
1-1: Foul Ball, location: 2F
1-2: Ball
2-2: Ball
3-2: Fly out, F7 (Flyball, 7S, EV 80.6 MPH)
Bottom of the 8th over - 0 runs, 0 hits, 0 errors, 0 left on base; Colorado 0 - Cincinnati 3
TOP OF THE 9TH
Colorado Rockies batting - Pitching for Cincinnati Reds : RHP Raisel Iglesias
Pitching: LHP Rex Brothers
Batting: SHB Victor Reyes 0-0: Ball
1-0: Called Strike
1-1: Foul Ball, location: 2F
1-2: Ball
2-2: Ball
3-2: Foul Ball, location: 2F
3-2: Base on Balls
Batting: LHB Josh VanMeter 0-0: Swinging Strike
0-1: Ball
1-1: Swinging Strike
1-2: Ball
2-2: Foul Ball, location: 2F
2-2: Ball
3-2: Strikes out swinging
Batting: SHB Abraham Almonte 0-0: Ball
1-0: Foul Ball, location: 2F
1-1: Foul Ball, location: 2F
1-2: Foul Ball, location: 2F
1-2: Fly out, F7 (Line Drive, 7, EV 100.6 MPH)
Batting: RHB Michael Brosseau 0-0: Ball
1-0: Ball
2-0: Swinging Strike
2-1: Called Strike
2-2: Ball
3-2: Strikes out swinging
Top of the 9th over - 0 runs, 0 hits, 0 errors, 1 left on base; Colorado 0 - Cincinnati 3
Friday, September 18th, 2020 - OOTP Baseball 21.5 Build 76